 Dungeon Crawl Stone Soup version 0.16-a0-3218-g9b393b2 (webtiles) character file.

610 Johnny the Bolt Thrower (level 7, -4/53 HPs)
             Began as a Mummy Hunter on Dec 20, 2014.
             Was an Initiate of Okawaru.
             Slain by a moth of wrath (8 damage)
             ... on level 5 of the Dungeon.
             The game lasted 00:08:15 (4740 turns).

Johnny the Bolt Thrower (Mummy Hunter)              Turns: 4740, Time: 00:08:15

Health: -4/53      AC: 17    Str: 17    XL:     7   Next: 20%
Magic:  7/7        EV:  8    Int: 10    God:    Okawaru [......]
Gold:   291        SH:  0    Dex: 14    Spells: 0 memorised, 6 levels left

rFire  . . .     SeeInvis +     s - +1 short sword (venom)
rCold  + + .     Clarity  .     g - +6 chain mail "Qoidaf" {rElec rC+ Str+2 Stlth+}
rNeg   + + +     SustAb   .     (no shield)
rPois  ∞         Gourm    .     (no helmet)
rElec  +         Spirit   .     n - +0 cloak
rCorr  .         Warding  .     h - +0 pair of gloves
rMut   .         Stasis   .     (no boots)
MR     .....                    (no amulet)
Stlth  ..........               q - ring of protection from fire
                                e - ring of see invisible

@: not resistant to hostile enchantments, extremely unstealthy
A: no food or potions, fire vulnerability, restore body, cold resistance 1,
negative energy resistance 3, poison resistance, torment resistance, unbreathing
a: Renounce Religion


You were on level 5 of the Dungeon.
You worshipped Okawaru.
Okawaru was noncommittal.
You were not hungry.

You visited 1 branch of the dungeon, and saw 5 of its levels.

You collected 291 gold pieces.

Inventory:

Hand weapons
 b - a +1 hand crossbow
 s - a +1 short sword of venom (weapon)
Missiles
 l - 2 bolts
Armour
 d - a +0 leather armour
 g - the +6 chain mail "Qoidaf" (worn) {rElec rC+ Str+2 Stlth+}
   (You found it on level 5 of the Dungeon)

   It affects your strength (+2).
   It protects you from cold.
   It insulates you from electricity.
   It makes you more stealthy.
 h - a +0 pair of gloves (worn)
 n - a +0 cloak (worn)
Jewellery
 e - a ring of see invisible (left hand)
 q - a ring of protection from fire (right hand)
 r - an uncursed ring of protection from cold {unknown}
Magical devices
 i - a wand of digging (4)
 k - a wand of cold (2)
Scrolls
 a - a scroll of teleportation {unknown}
 c - a scroll of fear
 f - 4 scrolls of recharging
 j - 3 scrolls of remove curse
 m - a scroll of identify
 o - a scroll of amnesia {unknown}
Books
 p - a book of the Dragon

   Spells                             Type                      Level
   a - Flight                         Charms/Air                   3
   b - Cause Fear                     Hexes                        4
   c - Bolt of Fire                   Conjuration/Fire             6
   d - Dragon Form                    Transmutation                7
   e - Dragon's Call                  Summoning                    9


   Skills:
 + Level 3.7 Fighting
 + Level 4.8 Crossbows
 * Level 2.3 Armour
 * Level 4.0 Dodging
 - Level 0.7 Stealth


You had 6 spell levels left.
You didn't know any spells.

Dungeon Overview and Level Annotations

Branches:
Dungeon (5/15)             Temple (0/1) D:5

Altars:
Fedhas
Nemelex Xobeh
Okawaru
Ru
Trog

Shops:
D:5 !


Innate Abilities, Weirdness & Mutations

You do not eat or drink.
Your flesh is vulnerable to fire.
Your flesh is cold resistant.
You are immune to negative energy.
Your system is resistant to poisons.
You are immune to unholy pain and torment.
You can survive without breathing.


Message History

The moth of wrath bites you but does no damage. x2
You barely miss the moth of wrath.
The moth of wrath is moderately wounded.
The moth of wrath bites you! The moth of wrath bites you.
You hit the moth of wrath.
The moth of wrath is moderately wounded.
The moth of wrath barely misses you. The moth of wrath bites you!
Evoke which item? (* to show all) (? for menu, Esc to quit)
Zapping:
k - a wand of cold {zapped: 4} (will waste charges)
Press: ? - help, Shift-Dir - straight line, f - moth of wrath
Aim: a moth of wrath (heavily wounded, poisoned)
The bolt of cold misses the moth of wrath.
Evoking this partially-identified wand wasted a few charges.
The moth of wrath bites you!
* * * LOW HITPOINT WARNING * * *
The moth of wrath bites you!
* * * LOW HITPOINT WARNING * * *
Unknown command.
The moth of wrath bites you!
You die...

### ##>. ##..# #....
###############..#
#................#
#.##############.# #y#
#.. #@# ##. #.# ####.
#.# ##.... #.# ##.....
#.# #...... #.#
#######....#.
#####.####.....#...##.
#........(..####....#.
#.###.####..# ##.....


You could see a moth of wrath.

Vanquished Creatures
  Blork the orc (D:4)
  A scorpion (D:4)
  2 crimson imps (D:5)
  A giant frog zombie (D:3)
  A centaur zombie (D:5)
  An orc priest (D:2)
  2 hounds (D:4)
  An orc wizard (D:3)
  3 worker ants
  A hound skeleton (D:5)
  A worker ant zombie (D:5)
  3 adders
  A gnoll (D:2)
  A worm (D:2)
  5 giant geckos
  2 oozes
  8 orcs
  A ball python (D:4)
  10 bats
  4 giant cockroaches
  11 goblins
  13 hobgoblins
  5 jackals
  2 quokkas (D:3)
  A ball python skeleton (D:4)
  6 giant newts
  12 kobolds
  16 rats
116 creatures vanquished.

Vanquished Creatures (others)
  An orc (D:3)
1 creature vanquished.

Grand Total: 117 creatures vanquished

Notes
Turn   | Place    | Note
--------------------------------------------------------------
     0 | D:1      | Johnny, the Mummy Hunter, began the quest for the Orb.
     0 | D:1      | Reached XP level 1. HP: 16/16 MP: 1/1
    44 | D:1      | Reached XP level 2. HP: 14/23 MP: 2/2
   261 | D:1      | Reached XP level 3. HP: 28/28 MP: 3/3
   662 | D:2      | Found a sacrificial altar of Ru.
  1147 | D:2      | Found an iron altar of Okawaru.
  1150 | D:2      | Reached XP level 4. HP: 32/34 MP: 4/4
  1178 | D:2      | Became a worshipper of Warmaster Okawaru
  1342 | D:2      | Found a blossoming altar of Fedhas.
  1571 | D:3      | Reached skill level 1 in Armour
  1630 | D:2      | Reached skill level 4 in Crossbows
  2241 | D:3      | Reached XP level 5. HP: 24/40 MP: 5/5
  2483 | D:3      | Found a sparkling altar of Nemelex Xobeh.
  2976 | D:4      | Reached XP level 6. HP: 29/47 MP: 6/6
  3288 | D:4      | Noticed Blork the orc
  3304 | D:4      | Killed Blork the orc
  3859 | D:5      | Entered Level 5 of the Dungeon
  3912 | D:5      | Found Wacus' Distillery.
  3998 | D:5      | Noticed a moth of wrath
  4001 | D:5      | Found a bloodstained altar of Trog.
  4126 | D:5      | Got a dazzling chain mail
  4137 | D:5      | Identified the +6 chain mail "Qoidaf" {rElec rC+ Str+2 Stlth+} (You found it on level 5 of the Dungeon)
  4154 | D:5      | Found a staircase to the Ecumenical Temple.
  4213 | D:5      | Reached XP level 7. HP: 52/52 MP: 7/7
  4740 | D:5      | Slain by a moth of wrath

Action                   |  1- 3 |  4- 6 |  7- 9 || total
-------------------------+-------+-------+-------++-------
Melee: Short sword       |       |   139 |    76 ||   215
       War axe           |       |    23 |       ||    23
       Dagger            |       |    99 |       ||    99
 Fire: Hand crossbow     |    88 |    25 |     8 ||   121
Evoke: Wand              |       |       |     4 ||     4
  Use: Scroll            |     2 |     3 |       ||     5
